Map: Abyssal Reef LE

Players

Lambo - Winner!

  • Race: Zerg Zerg
  • Spawn Location: 5:00

Bails

  • Race: Protoss Protoss
  • Spawn Location: 11:00

Event: WCS Austin 2017

VOD

Have the link to the VOD?

Description

Time

  • Played on: April 28, 2017, 4:36 p.m.
  • Length: 11:25

All games in this series

Show
View Real Time Build Order
Export as new Build Order

Lambo Zerg - Winner!

Build Orders: Hatch First, Lurkers 

Get SALT Encoding   

  12  0:00  Drone  
  13  0:12  Overlord  
  13  0:17  Drone  
  14  0:32  Drone x2  
  14  0:35  Drone  
  17  0:52  Hatchery  
  17  0:55  Drone  
  17  0:58  Drone  
  18  1:09  Extractor  
  17  1:13  Spawning Pool  
  17  1:16  Drone  
  17  1:19  Drone  
  18  1:28  Drone  
  19  1:40  Overlord  
  19  1:49  Drone  
  20  2:02  Queen  
  20  2:03  Zergling x2  
  20  2:04  Queen  
  20  2:05  Drone  
  26  2:09  Metabolic Boost  
  26  2:13  Drone  
  27  2:17  Zergling x2  
  27  2:22  Drone  
  29  2:34  Hatchery  
  29  2:36  Drone  
  29  2:42  Drone  
  30  2:46  Queen  
  32  2:52  Drone x2  
  32  2:57  Overlord  
  34  2:58  Drone  
  34  3:04  Drone  
  36  3:12  Overlord  
  36  3:18  Drone x5  
  36  3:19  Drone  
  42  3:22  Drone  
  43  3:30  Drone x2, Queen  
  47  3:36  Evolution Chamber  
  47  3:39  Drone x2  
  48  3:41  Spore Crawler  
  48  3:43  Spore Crawler  
  48  3:44  Drone  
  47  3:49  Drone  
  47  3:50  Baneling Nest  
  47  3:54  Drone x2  
  49  3:56  Overlord  
  49  4:01  Overlord  
  50  4:04  Zerg Melee Weapons Level 1  
  50  4:06  Overlord  
  50  4:15  Zergling x12  
  56  4:18  Zergling x4  
  56  4:23  Zergling x8  
  62  4:28  Overlord  
  62  4:29  Zergling x4  
  64  4:34  Zergling x2, Baneling x4  
  64  4:40  Drone  
  64  4:41  Drone  
  66  4:45  Queen  
  66  4:46  Drone x3  
  66  4:48  Drone  
  66  4:49  Drone  
  66  4:52  Drone  
  74  4:55  Overlord  
  74  4:59  Overlord  
  74  5:02  Overlord, Extractor  
  74  5:04  Overlord  
  74  5:06  Drone  
  74  5:13  Drone x3  
  74  5:15  Drone x3  
  74  5:16  Drone x3  
  74  5:18  Drone  
  79  5:23  Lair  
  79  5:24  Drone x2  
  81  5:34  Zergling x8  
  85  5:40  Drone x4  
  85  5:42  Queen  
  89  5:43  Extractor  
  89  5:44  Extractor  
  89  5:46  Overlord  
  89  5:49  Drone x4  
  94  5:50  Drone x2  
  94  5:53  Overlord  
  94  5:54  Drone x2  
  94  5:55  Drone, Extractor  
  96  5:57  Extractor  
  96  6:02  Drone x4  
  99  6:16  Drone x3  
  101  6:21  Zerg Melee Weapons Level 2  
  101  6:22  Hydralisk Den  
  101  6:24  Zergling x16  
  108  6:30  Overseer  
  108  6:35  Zergling x10  
  108  6:39  Hatchery  
  112  6:40  Spine Crawler  
  112  6:45  Drone x2  
  108  6:47  Drone  
  108  6:53  Hydralisk  
  108  6:54  Hydralisk x3  
  109  6:55  Lurker Den  
  109  6:58  Drone x2  
  109  7:01  Overlord  
  119  7:02  Drone x3  
  119  7:03  Overlord x2  
  123  7:09  Overlord  
  123  7:11  Overlord  
  123  7:13  Overlord  
  123  7:17  Overlord  
  123  7:20  Overlord  
  123  7:24  Hydralisk  
  123  7:25  Zergling x2, Hydralisk x2  
  123  7:26  Zergling x4  
  132  7:30  Hydralisk x2  
  136  7:38  Hydralisk x2  
  136  7:39  Zergling x4  
  136  7:43  Extractor  
  141  7:46  Drone  
  141  7:47  Drone  
  141  7:49  Drone  
  141  7:50  Hydralisk x3  
  141  7:51  Hydralisk  
  150  7:56  Overseer  
  152  7:59  Zergling x2  
  152  8:00  Zergling x14  
  160  8:06  Overlord  
  160  8:07  Zergling x4  
  160  8:09  Overlord  
  162  8:14  Drone x2  
  163  8:23  Centrifical Hooks  
  163  8:25  Lurker x7, Hatchery  
  163  8:26  Lurker  
  170  8:27  Zergling x2  
  170  8:28  Zergling x4  
  170  8:31  Zergling x6  
  170  8:32  Zergling x2  
  177  8:37  Zerg Missile Weapons Level 1  
  177  8:40  Overlord  
  174  8:42  Lurker x2  
  174  8:46  Zergling x10  
  181  8:48  Baneling  
  181  8:49  Zergling x8, Baneling x7  
  181  8:50  Zergling x2  
  181  8:51  Zergling x2  
  186  8:55  Zergling x2  
  186  8:56  Zergling x4  
  186  8:57  Baneling  
  186  8:58  Baneling x5  
  186  9:00  Zergling x6  
  186  9:10  Muscular Augments  
  186  9:14  Overlord  
  186  9:22  Zergling x12  
  185  9:34  Infestation Pit  
  172  9:39  Lurker  
  172  9:40  Lurker x3  
  172  9:44  Hatchery  
  174  9:46  Zergling x18  
  174  9:47  Zergling x8  
  174  9:49  Baneling  
  174  9:50  Baneling x7  
  187  9:55  Zergling x16  
  195  10:04  Zergling x12  
  175  10:07  Zergling x8, Hydralisk x3  
  175  10:11  Hive  
  175  10:14  Zergling x6  
  171  10:16  Spire  
  171  10:17  Zergling x6  
  175  10:24  Zergling x8, Hydralisk  
  177  10:28  Zergling x10  
  180  10:35  Overlord  
  180  10:36  Pneumatized Carapace  
  180  10:39  Zergling x10  
  180  10:40  Extractor  
  184  10:48  Baneling x9  
  184  10:49  Zergling x12  
  187  10:51  Hydralisk  
  183  11:01  Zergling x12  
  186  11:08  Zergling x2  
Show
View Real Time Build Order
Export as new Build Order

Bails Protoss 

Build Orders: 1 Gate Expand 

Get SALT Encoding   

  12  0:00  Probe (Chrono Boost)  
  13  0:11  Probe (Chrono Boost)  
  14  0:17  Pylon  
  14  0:22  Probe (Chrono Boost)  
  15  0:36  Probe (Chrono Boost)  
  15  0:40  Gateway  
  16  0:46  Probe (Chrono Boost)  
  17  0:50  Assimilator  
  18  0:57  Probe (Chrono Boost)  
  18  1:07  Probe (Chrono Boost)  
  19  1:18  Probe (Chrono Boost)  
  20  1:28  Nexus  
  20  1:39  Cybernetics Core  
  20  1:42  Probe (Chrono Boost)  
  21  1:47  Assimilator  
  21  1:52  Probe (Chrono Boost)  
  22  1:57  Pylon  
  22  2:03  Probe (Chrono Boost)  
  22  2:08  Warp Gate  
  23  2:11  Stalker  
  23  2:17  Probe (Chrono Boost)  
  26  2:27  Twilight Council  
  27  2:31  Probe (Chrono Boost)  
  27  2:39  Adept  
  27  2:40  Probe (Chrono Boost)  
  31  2:45  Probe (Chrono Boost)  
  31  2:51  Probe (Chrono Boost)  
  32  2:56  Resonating Glaives  
  32  2:57  Probe (Chrono Boost)  
  33  3:02  Probe (Chrono Boost)  
  34  3:10  Gateway  
  34  3:15  Gateway  
  34  3:19  Probe (Chrono Boost)  
  36  3:20  Probe (Chrono Boost)  
  36  3:25  Pylon  
  36  3:30  Adept  
  36  3:31  Probe (Chrono Boost)  
  40  3:35  Probe (Chrono Boost)  
  40  3:41  Robotics Facility  
  40  3:45  Probe (Chrono Boost)  
  42  3:51  Mothership Core (Chrono Boost)  
  42  3:52  Pylon  
  43  3:56  Probe (Chrono Boost)  
  44  4:06  Probe (Chrono Boost)  
  44  4:09  Probe (Chrono Boost)  
  46  4:11  Adept x3  
  46  4:14  Pylon  
  52  4:25  Warp Prism  
  54  4:35  Probe (Chrono Boost)  
  54  4:36  Probe (Chrono Boost)  
  56  4:39  Nexus  
  56  4:45  Adept x2  
  58  4:49  Adept  
  58  4:52  Probe x2 (Chrono Boost)  
  64  4:57  Pylon  
  64  4:58  Observer  
  64  4:59  Pylon  
  66  5:08  Probe (Chrono Boost)  
  66  5:14  Probe (Chrono Boost)  
  66  5:20  Assimilator  
  63  5:21  Sentry  
  63  5:22  Assimilator, Forge, Sentry x2  
  63  5:25  Probe (Chrono Boost)  
  63  5:26  Pylon  
  63  5:27  Probe (Chrono Boost)  
  63  5:28  Immortal  
  75  5:37  Probe (Chrono Boost)  
  75  5:38  Probe (Chrono Boost)  
  75  5:41  Protoss Ground Weapons Level 1  
  77  5:47  Gateway  
  77  5:49  Probe (Chrono Boost)  
  79  5:50  Probe (Chrono Boost)  
  79  5:51  Gateway  
  79  5:57  Probe (Chrono Boost)  
  79  6:01  Probe (Chrono Boost), Sentry  
  79  6:02  Probe (Chrono Boost)  
  84  6:06  Immortal  
  84  6:08  Probe (Chrono Boost)  
  90  6:13  Probe (Chrono Boost)  
  90  6:14  Probe (Chrono Boost)  
  89  6:18  Probe (Chrono Boost)  
  89  6:23  Assimilator  
  89  6:25  Probe (Chrono Boost), Sentry  
  92  6:26  Probe (Chrono Boost)  
  92  6:29  Assimilator, Probe (Chrono Boost), Pylon  
  92  6:31  Robotics Facility  
  95  6:37  Probe (Chrono Boost)  
  97  6:40  Probe (Chrono Boost), Immortal  
  97  6:42  Probe (Chrono Boost)  
  102  6:47  Sentry  
  102  6:49  Probe (Chrono Boost)  
  102  6:52  Probe x2 (Chrono Boost)  
  107  6:56  Gateway  
  107  6:59  Gateway  
  107  7:01  Pylon  
  107  7:04  Templar Archives  
  107  7:05  Probe (Chrono Boost), Pylon  
  107  7:07  Pylon  
  108  7:11  Sentry  
  108  7:12  Adept x3  
  116  7:18  Pylon  
  116  7:19  Pylon  
  116  7:21  Immortal  
  116  7:25  Protoss Ground Armor Level 1  
  116  7:29  Immortal  
  124  7:30  Psionic Storm  
  124  7:47  Pylon, Photon Cannon  
  124  7:48  Pylon  
  124  7:56  Photon Cannon  
  124  7:59  High Templar  
  124  8:00  High Templar  
  124  8:01  Photon Cannon  
  128  8:05  Photon Cannon  
  128  8:08  High Templar, Photon Cannon  
  128  8:11  Adept  
  132  8:17  Nexus  
  132  8:19  Adept x2  
  136  8:23  Pylon  
  136  8:27  Immortal  
  136  8:31  High Templar  
  136  8:33  Immortal  
  146  8:34  Charge  
  140  8:41  Probe x2 (Chrono Boost)  
  140  8:43  Pylon  
  140  8:44  Pylon  
  140  8:53  Zealot x3  
  146  9:02  Immortal  
  142  9:12  Observer  
  143  9:18  Gateway  
  143  9:19  Pylon, Gateway  
  143  9:22  Pylon  
  143  9:37  Immortal  
  143  9:38  Zealot x5  
  147  9:42  Immortal  
  147  9:44  High Templar x2  
  159  9:45  Pylon  
  159  9:51  Pylon  
  159  10:00  Archon  
  133  10:11  Immortal  
  113  10:16  High Templar  
  113  10:17  Zealot x2  
  113  10:18  Zealot x4  
  131  10:22  Immortal  
  135  10:40  Nexus  
  135  10:41  Zealot x6  
  147  10:48  Observer  
  146  10:59  Zealot  
  146  11:01  Observer  
  122  11:14  Zealot x3  
  122  11:15  Zealot x3  
Tags
 
Add a new tag
Caveats
  • Supply blocks, unpowered buildings, or Contaminate may cause inaccurate times.
  • Supply counts are checked every 10 seconds.